 Dungeon Crawl Stone Soup version 0.26-a0-602-gd42a14c23b (webtiles) character file.

Game seed: 2290081081023938479

30 MrRokkomies the Chiller (level 3, -1/14 HPs)
             Began as a Felid Ice Elementalist on Aug 31, 2020.
             Killed from afar by Natasha (5 damage)
             ... with a magic dart
             ... on level 2 of the Dungeon.
             The game lasted 00:01:46 (1216 turns).

MrRokkomies the Chiller (Felid Ice Elementalist)    Turns: 1216, Time: 00:01:47

Health: -1/14      AC:  1    Str:  4    XL:     3   Next: 5%
Magic:  7/7        EV: 19    Int: 17    God:
Gold:   43         SH:  0    Dex: 16    Spells: 2/6 levels left
                                        Lives:  0   Deaths: 0

rFire    . . .     SeeInvis +     - Unarmed
rCold    . . .     Faith    .   (shield unavailable)
rNeg     . . .     Spirit   .   (armour unavailable)
rPois    .         Reflect  .   (helmet unavailable)
rElec    .         Harm     .   (cloak unavailable)
rCorr    .                      (gloves unavailable)
MR       .....                  (boots unavailable)
Stlth    +++.......             (no amulet)
HPRegen  0.04/turn              (no ring)
MPRegen  0.10/turn              (no ring)

@: quick
A: very small, no armour, no weapons or thrown items, stealth, claws 1, fangs 3,
see invisible, speed 1, shaggy fur 1, sharp paws
a: no special abilities


You were on level 2 of the Dungeon.
You visited 1 branch of the dungeon, and saw 2 of its levels.

You collected 43 gold pieces.

Inventory:

Potions
 c - a potion of brilliance
 d - 2 potions of heal wounds {unknown}


   Skills:
 * Level 3.4 Dodging
 - Level 2.6 Stealth
 + Level 1.0 Unarmed Combat
 + Level 2.2 Spellcasting
 * Level 3.9 Ice Magic


You had 2 spell levels left.
You knew the following spells:

 Your Spells              Type           Power        Failure   Level
a - Freeze                Ice            ###.         3%          1
b - Frozen Ramparts       Ice            ###...       11%         3

Your spell library contained the following spells:

 Spells                   Type           Power        Failure   Level
 Ozocubu's Armour         Ice            ###.....     11%         3
 Hailstorm                Conj/Ice       #.......     63%         4
 Summon Ice Beast         Ice/Summ       #.......     63%         4


Dungeon Overview and Level Annotations

Branches:
Dungeon (2/15)

Altars:
Uskayaw

Annotations:
D:2 Natasha


Innate Abilities, Weirdness & Mutations

You cannot wear armour.
You are incapable of wielding weapons or throwing items.
Your paws allow you to move quietly. (Stealth)
You have sharp claws.
You have razor-sharp teeth.
You have supernaturally acute eyesight. (SInv)
You cover ground quickly.
You are covered in fur. (AC +1)
Your sharp claws are effective at attacking unaware monsters.


Message History

Things that are here:
a +0 dagger; a +0 chain mail; a goblin corpse
Found a hide-covered altar of Uskayaw.
You stumble into a teleport trap!
You are suddenly yanked towards a nearby monster!
Your surroundings suddenly seem different.
Found a robe, a scroll labeled QUVIENAYFE and 24 stones.
Found a stone staircase leading down.
Natasha, Servant of Life and Death comes into view.
Natasha hisses angrily.
Natasha mumbles some strange words.
The white imp gestures at you. The puff of frost hits you!
Ouch! That really hurt!
* * * LOW HITPOINT WARNING * * *
Natasha howls an incantation.
Natasha shimmers violently.
Natasha casts a spell at you. The magic dart hits you.
You die...

#.#####
#.#...##
#..[...##
#####......?#.#
#....>........#
.##.....h...##
#.(........#
##....5....#
#@.....#....
#.#...##.#...
#.##.## .####
#.#...# #.#.#.#
#.._..# ###.#
#.# ###.#


You could see Natasha and a white imp (summoned).

Vanquished Creatures
  An adder (D:2)
  An ooze (D:1)
  A giant cockroach (D:1)
  4 goblins
  3 hobgoblins (D:1)
  5 kobolds (D:1)
  A bat (D:1)
  2 rats (D:1)
18 creatures vanquished.

Notes
Turn   | Place    | Note
-------+----------+-------------------------------------------
     0 | D:1      | MrRokkomies the Felid Ice Elementalist began the quest for
                  | the Orb.
     0 | D:1      | Reached XP level 1. HP: 7/7 MP: 4/4
   122 | D:1      | Reached XP level 2. HP: 9/11 MP: 0/6
  1023 | D:2      | Reached skill level 1 in Unarmed Combat
  1023 | D:2      | Reached XP level 3. HP: 10/14 MP: 4/7
  1056 | D:2      | Learned a level 3 spell: Frozen Ramparts
  1206 | D:2      | Found a hide-covered altar of Uskayaw.
  1210 | D:2      | Noticed Natasha
  1216 | D:2      | Killed from afar by Natasha

Illustrated notes

Levels and vault maps discovered:
D:1:      dpeg_arrival_three_same_balls, layout_basic, minmay_misc_feat_encased
D:2:      layout_loops_ring, lemuel_crystal_altar, uniq_natasha

Skill      XL: |  1  2 |
---------------+-------+-----
Dodging        | 3 |  3.4
Unarmed Combat | 1 |  1.0
Stealth        | |  2.6
Spellcasting   | |  2.2
Ice Magic      | |  3.9

Action                   || total
-------------------------++-------
Melee: Unarmed           ||     5
 Cast: Freeze            ||    25
  Use: Scroll            ||     3
 Stab: Sleeping          ||     4
Dodge: Dodged            ||    15

Table legend: (Time is in decaauts)
 A = Elapsed time spent in this place.
 B = Non-inter-level travel time spent in this place.
 C = Inter-level travel time spent in this place.
 D = Time resting spent in this place.
 E = Time spent auto-exploring this place.
 F = Levels seen in this place.
 G = Mean time per level.
                   A        B        C        D        E       F      G
               +--------+--------+--------+--------+--------+-----+--------+
         Total |   1089 |   1079 |     10 |     28 |    926 |   2 |  544.5 |
       Dungeon |   1089 |   1079 |     10 |     28 |    926 |   2 |  544.5 |
               +--------+--------+--------+--------+--------+-----+--------+

Top non-repeatable levels by time:
     D:1: 874 daAuts
     D:2: 214 daAuts
